 Dungeon Crawl Stone Soup version 0.31.0-9-g3a7656b989 (webtiles) character file.

Game seed: 8896881705835806788

2300 H0rd4k the Fighter (level 9, 0/75 HPs)
             Began as a Human Artificer on Jan 31, 2024.
             Was an Initiate of Gozag.
             Slain by a killer bee (3 damage)
             ... on level 8 of the Dungeon on Feb 1, 2024.
             The game lasted 00:15:44 (8620 turns).

H0rd4k the Fighter (Human Artificer)                Turns: 8620, Time: 00:15:46

Health: 0/75       AC:  5    Str: 19    XL:     9   Next: 40%
Magic:  15/15      EV: 11    Int: 16    God:    Gozag
Gold:   699        SH:  0    Dex: 13    Spells: 14/16 levels left

rFire   . . .        F - +2 dagger (venom)
rCold   . . .        (no shield)
rNeg    . . .        b - +0 leather armour
rPois   .            (no helmet)
rElec   .            (no cloak)
rCorr   .            (no gloves)
SInv    .            x - +1 pair of boots
Will    .....        (no amulet)
Stlth   +            g - +6 ring of strength
HPRegen 0.32/turn    v - ring of wizardry
MPRegen 0.14/turn

%: wizardry (x1)
@: confused, lethally poisoned (0 -> -18), ambrosia-drunk, gold aura
A: explore regen
a: Renounce Religion, Potion Petition, Call Merchant, Bribe Branch


You were on level 8 of the Dungeon.
You worshipped Gozag.
Gozag was pleased with you.
You visited 2 branches of the dungeon, and saw 9 of its levels.
You also visited: Sewer.

You collected 811 gold pieces.
You paid 112 gold pieces to Gozag.

Inventory:

Hand Weapons
 d - a +0 vampiric whip
 k - a +0 mace of protection
 B - a +2 whip of pain
 F - a +2 dagger of venom (weapon)
 G - a +3 dagger of electrocution
Missiles
 m - 23 poisoned darts
Armour
 b - a +0 leather armour (worn)
 x - a +1 pair of boots (worn)
Magical Staves
 l - a staff of conjuration
Jewellery
 c - a ring of willpower
 g - a +6 ring of strength (left hand)
 h - a +6 ring of dexterity
 v - a ring of wizardry (right hand)
 A - a ring of ice
Wands
 y - a wand of flame (14) (quivered)
Scrolls
 e - a scroll of enchant armour
 f - a scroll of fog
 n - a scroll of revelation
 p - a scroll of noise {unknown}
 q - a scroll of teleportation
 s - 3 scrolls of identify
 u - a scroll of vulnerability
 z - a scroll of silence
 C - a scroll of amnesia
 D - a scroll of acquirement {unknown}
 H - a scroll of poison {unknown}
Potions
 i - a potion of might
 j - a potion of curing {unknown}
 o - a potion of heal wounds
 r - a potion of experience {unknown}
 t - 4 potions of enlightenment
 w - 2 potions of mutation {unknown}
 E - a potion of lignification {unknown}


   Skills:
 - Level 8.5 Fighting
 * Level 2.9 Short Blades
 - Level 5.0 Maces & Flails
 + Level 1.0 Throwing
 - Level 2.0 Armour
 - Level 1.0 Dodging
 - Level 1.0 Stealth
 * Level 4.1 Spellcasting
 * Level 3.8 Translocations
 - Level 3.0 Evocations


You had 14 spell levels left.
You knew the following spells:

 Your Spells              Type           Power      Damage    Failure   Level
a - Blink                 Tloc           30%        N/A       2%          2

Your spell library contained the following spells:

 Spells                   Type           Power      Damage    Failure   Level
 Lesser Beckoning         Tloc           30%        N/A       2%          2
 Gell's Gravitas          Tloc           15%        N/A       4%          3
 Teleport Other           Tloc           15%        N/A       4%          3
 Momentum Strike          Conj/Tloc      18%        3d8       6%          2
 Shock                    Conj/Air       12%        1d3       9%          1
 Summon Small Mammal      Summ           12%        N/A       9%          1
 Mercury Vapours          Alch/Air       6%         N/A       12%         2
 Call Canine Familiar     Summ           3%         N/A       24%         3
 Hailstorm                Conj/Ice       3%         3d5       24%         3
 Mephitic Cloud           Conj/Alch/Air  3%         N/A       24%         3
 Sigil of Binding         Hex            3%         N/A       24%         3
 Summon Ice Beast         Ice/Summ       3%         N/A       24%         3
 Swiftness                Air            3%         N/A       24%         3
 Dimensional Bullseye     Hex/Tloc       4%         N/A       32%         4
 Airstrike                Air            1%         2d(1-17)  58%         4
 Summon Blazeheart Golem  Fire/Summ      3%         N/A       58%         4
 Summon Forest            Summ/Tloc      4%         N/A       65%         5
 Freezing Cloud           Conj/Ice/Air   1%         6-21      89%         5
 Eringya's Noxious Bog    Alch           1%         4d6       100%        6
 Sculpt Simulacrum        Ice/Alch       1%         N/A       100%        6
 Summon Hydra             Summ           1%         N/A       100%        7


Dungeon Overview and Level Annotations

Branches:
Dungeon (8/15)             Temple (1/1) D:6           Sewer (visited)
   Lair: D:8-11

Altars:
Ashenzari
Cheibriados
Dithmenos
Elyvilon
Fedhas
Gozag
Hepliaklqana
Kikubaaqudgha
Makhleb
Nemelex Xobeh
Okawaru
Qazlal
Ru
Sif Muna
Trog
Uskayaw
Vehumet
Wu Jian
Xom
Yredelemnul
Zin
The Shining One

Shops:
D:7 ?

Annotations:
D:4 Pikel
D:5 exclusions: upstairs and 1 more exclusion
D:7 exclusions: steam dragon and upstairs


Innate Abilities, Weirdness & Mutations

You regain HP and MP as you explore.


Message History

Your Spellcasting skill increases to level 4!
You're too confused to move!
You feel very sick. The killer bee misses you. The killer bee stings you.
You bump into the stone wall.
You feel very sick. The killer bee stings you.
You are more poisoned.
The killer bee poisons you! The killer bee barely misses you.
You're too confused to move!
You feel very sick. The killer bee stings you!
* * * LOW HITPOINT WARNING * * *
The killer bee barely misses you.
You bump into the stone wall.
You feel very sick.
A killer bee comes into view.
The killer bee stings you.
* * * LOW HITPOINT WARNING * * *
You are lethally poisoned!
The killer bee poisons you! The killer bee misses you.
* * * LOW HITPOINT WARNING * * *
You feel very sick.
The killer bee buzzes angrily.
The killer bee barely misses you.
The killer bee attacks as it pursues you!
The killer bee stings you.
* * * LOW HITPOINT WARNING * * *
The kobold is distracted by your dazzling golden aura.
The killer bee closely misses you. The killer bee stings you.
* * * LOW HITPOINT WARNING * * *
You are more poisoned.
The killer bee poisons you!
* * * LOW HITPOINT WARNING * * *
You feel very sick. The killer bee closely misses you.
The killer bee attacks as it pursues you!
The killer bee stings you.
You die...
Your body crumbles into a pile of gold.

#.# #.# #.# #.#
#.# #.# #.# #.#
#.# #.# #.# #.#
#.# #.#### #.#
#.#
......#.#####.##
#.# #..........#
#.# ###.#.######
#.## #.#.###@#
#..# #..KK.yy#
##.# #.#K###.#
...# ## #.# ####
#.# ..# ###


You could see a kobold brigand, 2 killer bees and 2 kobolds.

Vanquished Creatures
  Sigmund (D:4)
  2 sky beasts (D:6)
  4 ogres
  A centaur (D:6)
  A lemure (D:4)
  3 phantoms
  A kobold brigand (D:6)
  A brain worm (Sewer)
  A scorpion (D:4)
  A water moccasin zombie (D:6)
  4 necrophages (D:6)
  A killer bee (D:8)
  A bullfrog zombie (D:6)
  2 orc priests
  A gnoll bouda (D:5)
  A hound (D:4)
  A jelly (D:6)
  3 iguanas
  A sleepcap (D:4)
  2 orc wizards (D:6)
  A killer bee zombie (D:6)
  Robin (D:4)
  9 gnolls
  12 adders
  3 river rats (Sewer)
  A shadow imp (D:6)
  A white imp (D:6)
  2 ufetubi (D:7)
  5 ribbon worms
  4 dart slugs
  29 orcs
  13 ball pythons
  9 endoplasms
  4 giant cockroaches
  14 goblins
  12 hobgoblins
  5 jackals (Sewer)
  13 kobolds
  5 quokkas
  17 bats
  8 frilled lizards
  3 rats
204 creatures vanquished.

Vanquished Creatures (collateral kills)
  A gnoll (D:5)
  2 dart slugs (Sewer)
  A bat (Sewer)
4 creatures vanquished.

Vanquished Creatures (others)
  A scorpion (D:4)
  An adder (D:5)
  A ball python (Sewer)
  A jackal (Sewer)
4 creatures vanquished.

Grand Total: 212 creatures vanquished

Notes
Turn   | Place    | Note
-------+----------+-------------------------------------------
     0 | D:1      | H0rd4k the Human Artificer began the quest for the Orb.
     0 | D:1      | Reached XP level 1. HP: 15/15 MP: 1/1
   225 | D:1      | Reached skill level 2 in Fighting
   225 | D:1      | Reached XP level 2. HP: 20/22 MP: 2/2
  1188 | D:2      | Reached skill level 3 in Fighting
  1188 | D:2      | Reached XP level 3. HP: 21/29 MP: 3/3
  1854 | D:2      | Reached XP level 4. HP: 37/37 MP: 4/4
  2029 | D:3      | Reached skill level 4 in Fighting
  2087 | D:3      | Found a glowing drain.
  2095 | Sewer    | Entered a sewer
  2289 | Sewer    | Reached XP level 5. HP: 23/43 MP: 5/5
  2484 | Sewer    | HP: 2/43 [ball python (1)]
  2512 | Sewer    | Reached skill level 5 in Fighting
  2879 | Sewer    | Reached XP level 6. HP: 50/52 MP: 6/6
  3472 | D:3      | Reached skill level 6 in Fighting
  3948 | D:3      | Found a shimmering altar of Xom.
  4107 | D:3      | Found a glowing silver altar of Zin.
  4115 | D:3      | Found a white marble altar of Elyvilon.
  4292 | D:4      | Noticed Sigmund
  4297 | D:4      | Killed Sigmund
  4298 | D:4      | Reached skill level 7 in Fighting
  4298 | D:4      | Reached XP level 7. HP: 51/60 MP: 7/7
  4489 | D:4      | Identified the +1 helmet of Vehumet's Regard {Harm rElec
                  | Slay+3 Stlth-}
  4489 | D:4      | Noticed Robin
  4495 | D:4      | Reached skill level 1 in Maces & Flails
  4521 | D:4      | Killed Robin
  4564 | D:5      | Entered Level 5 of the Dungeon
  5073 | D:7      | Noticed a steam dragon
  5095 | D:6      | Found a staircase to the Ecumenical Temple.
  5104 | Temple   | Entered the Ecumenical Temple
  5114 | Temple   | Reached skill level 8 in Fighting
  5137 | Temple   | Became a worshipper of Gozag Ym Sagoz the Greedy
  5167 | D:6      | Found a blossoming altar of Fedhas.
  5177 | D:6      | Reached XP level 8. HP: 58/68 MP: 8/8
  5791 | D:4      | Noticed Pikel
  5996 | D:5      | Found a sparkling altar of Nemelex Xobeh.
  6348 | D:5      | Reached skill level 5 in Maces & Flails
  6625 | D:5      | Learned a level 2 spell: Blink
  6761 | D:6      | Reached skill level 1 in Spellcasting
  6761 | D:6      | Reached skill level 1 in Translocations
  7277 | D:6      | Reached XP level 9. HP: 75/75 MP: 13/13
  7452 | D:6      | Reached skill level 1 in Short Blades
  7818 | D:6      | Reached skill level 1 in Throwing
  8223 | D:7      | Found Worin's Magic Scroll Shoppe.
  8340 | D:7      | Found a broken altar of Ashenzari.
  8620 | D:8      | HP: 3/75 [poisoned by a killer bee]
  8620 | D:8      | Slain by a killer bee

Illustrated notes

Levels and vault maps discovered:
D:1:      matt_arrival_grand_opening, layout_basic
D:2:      layout_basic
D:3:      minmay_bubble_buster, layout_basic,
          mainiacjoe_overflow_six_doors_small, amethyst_overflow_temple_binary,
          mainiacjoe_sewer_entry_somewhere_in_here_2
D:4:      layout_loops_cross, minmay_checkerbox, uniq_sigmund, uniq_pikel,
          uniq_robin
D:5:      layout_loops_ring, nemelex_dance_club_becter, serial_glass,
          glass_columns_a, glass_columns_b, glass_columns_a, glass_columns_b,
          glass_columns_b, glass_columns_b, glass_columns_b, glass_columns_b
D:6:      layout_cave_pools, fedhas_altar_decomposition,
          minmay_temple_entry_grid, grunt_ministairs_1,
          nicolae_figureground_pulse
D:7:      layout_cave_pools, mainiacjoe_overflow_alcove_1, serial_shops,
          shop_statue, minmay_misc_feat_alley
D:8:      layout_basic, chequers_serial_rivers_small_3, grunt_decor_fettered,
          kennysheep_generic_room_5
Temple:   kb_temple_of_zot

Skill      XL: |  1  2  3  4  5  6  7  8  9 |
---------------+----------------------------+-----
Fighting       | 2 3 4 5 7 8 |  8.5
Maces & Flails | 3 5 |  5.0
Spellcasting   | 2 4 |  4.1
Translocations | 3 |  3.8
Short Blades   | 2 |  2.9
Throwing       | 1 |  1.0
Armour         | |  2.0
Dodging        | |  1.0
Stealth        | |  1.0
Evocations     | |  3.0

Action                     |  1- 3 |  4- 6 |  7- 9 || total
---------------------------+-------+-------+-------++-------
  Melee: Club              |    69 |       |       ||    69
         Punch             |     1 |       |     7 ||     8
         Mace              |    49 |   264 |   408 ||   721
         Whip              |       |       |     8 ||     8
         Dagger            |       |       |    96 ||    96
  Throw: Javelin           |       |       |     5 ||     5
  Evoke: Wand              |     3 |    25 |    16 ||    44
    Use: Potion            |       |     1 |     3 ||     4
         Scroll            |       |       |    11 ||    11
   Stab: Sleeping          |     1 |     1 |     2 ||     4
         Distracted        |       |       |     1 ||     1
 Armour: Leather armour    |    99 |   267 |   405 ||   771
  Dodge: Dodged            |    71 |   265 |   286 ||   622
